 Dungeon Crawl Stone Soup version 0.29.1-13-g9f3cf754e1 (webtiles) character file.

Game seed: 15171270914957294354

214 ChrisAssaf the Stinger (level 5, -2/40 HPs)
             Began as a Draconian Venom Mage on Jan 19, 2023.
             Was an Initiate of Gozag.
             Splashed by a jelly's acid (9 damage)
             ... on level 4 of the Dungeon.
             The game lasted 00:12:27 (2902 turns).

ChrisAssaf the Stinger (Draconian Venom Mage)       Turns: 2902, Time: 00:12:28

Health: -2/40      AC:  5    Str: 10    XL:     5   Next: 60%
Magic:  16/18      EV: 12    Int: 18    God:    Gozag
Gold:   301        SH:  0    Dex: 11    Spells: 1/9 levels left

rFire   . . .      SeeInvis .   c - +0 quick blade
rCold   . . .      Faith    .   (no shield)
rNeg    . . .      Spirit   .   (body armour unavailable)
rPois   .          Reflect  .   (helmet restricted)
rElec   .          Harm     .   (no cloak)
rCorr   .          Rampage  .   (no gloves)
Will    .....                   (no boots)
Stlth   ++........              (no amulet)
HPRegen 0.13/turn               h - ring of magical power
MPRegen 0.16/turn               (no ring)

@: slowed, very slow
A: AC +5, unfitting armour, cold-blooded
a: Renounce Religion, Potion Petition, Call Merchant, Bribe Branch


You were on level 4 of the Dungeon.
You worshipped Gozag.
Gozag was aware of your devotion.
You visited 1 branch of the dungeon, and saw 4 of its levels.

You collected 301 gold pieces.

Inventory:

Hand Weapons
 c - a +0 quick blade (weapon)
 k - a +0 falchion of draining
Missiles
 l - 4 curare-tipped darts (quivered)
Jewellery
 h - a ring of magical power (left hand)
 n - a ring of magical power
Scrolls
 e - a scroll of vulnerability
 j - 4 scrolls of immolation
 m - a scroll of butterflies
 p - a scroll of teleportation
 q - 2 scrolls of torment
 r - 3 scrolls of poison
Potions
 a - 2 potions of flight {unknown}
 b - a potion of curing
 d - 4 potions of heal wounds {unknown}
 f - 2 potions of degeneration {unknown}
 g - a potion of haste {unknown}
 i - a potion of magic
 o - a potion of lignification {unknown}
 s - a potion of resistance {unknown}


   Skills:
 * Level 1.5 Fighting
 * Level 1.2 Short Blades
 * Level 0.5 Throwing
 * Level 2.3 Dodging
 * Level 2.2 Stealth
 * Level 0.7 Unarmed Combat
 * Level 2.7 Spellcasting
 * Level 0.4 Conjurations
 * Level 1.0 Hexes
 * Level 1.8 Transmutations
 * Level 0.9 Ice Magic
 * Level 1.3 Air Magic
 * Level 3.5 Poison Magic


You had one spell level left.
You knew the following spells:

 Your Spells              Type           Power      Damage    Failure   Level
a - Sting                 Tmut/Pois      48%        1d5       5%          1
b - Poisonous Vapours     Pois/Air       22%        N/A       10%         2
c - Ensorcelled Hibernat  Hex/Ice        10%        N/A       17%         2
d - Mephitic Cloud        Conj/Pois/Air  8%         N/A       24%         3

Your spell library contained the following spells:

 Spells                   Type           Power      Damage    Failure   Level
 Passwall                 Tmut/Erth      4%         N/A       17%         2
 Swiftness                Air            7%         N/A       30%         3
 Olgreb's Toxic Radiance  Pois           15%        N/A       36%         4


Dungeon Overview and Level Annotations

Branches:
Dungeon (4/15)
 Temple: D:4-7

Altars:
Gozag
Hepliaklqana


Innate Abilities, Weirdness & Mutations

Your plain brown scales are hard. (AC +5)
You cannot fit into any form of body armour.
You are cold-blooded and may be slowed by cold attacks.


Message History

The hound barely misses you.
A giant cockroach comes into view.
The hound closely misses you. The hound completely misses you.
Really read the scroll of torment?
As you read the scroll of torment, it crumbles to dust.
Your body is wracked with pain!
The hobgoblin convulses!
The giant cockroach convulses!
The hound convulses!
The orc convulses!
The goblin convulses!
The orc convulses!
The orc priest convulses!
The hound bites you but does no damage. x2
The hobgoblin hits you but does no damage.
Unknown command.
As you read the scroll of teleportation, it crumbles to dust.
You feel strangely unstable. The hound barely misses you.
The hobgoblin barely misses you. The orc closely misses you.
The hound bites you. The hound attacks as you move away! The hound bites you.
* * * LOW HITPOINT WARNING * * *
You feel better. The hound misses you. The hound closely misses you.
The orc closely misses you.
Your surroundings suddenly seem different.
An adder, a jelly and an endoplasm come into view.
Found a dagger and 6 gold pieces.
Found a stone staircase leading down.
The adder hisses angrily.
The endoplasm quivers.
The jelly quivers.
The jelly hits you but does no damage. The jelly attacks as you move away!
The jelly closely misses you.
You hit the jelly.
Your hands burn!
The jelly is lightly wounded.
You hit the jelly but do no damage.
Your hands burn!
You tail-slap the jelly.
The jelly is moderately wounded.
The endoplasm freezes you.
You are frozen.
* * * LOW HITPOINT WARNING * * *
You feel yourself slow down. The jelly hits you.
* * * LOW HITPOINT WARNING * * *
You are splashed with acid!
You die...
Your body crumbles into a pile of gold.

##.........
##..........
#...........
#...........
#.........>.
#...S.......
#...J......#
#.@J......#
#..........$
#..........#
#..........#
#.........)#
#..........#
...........#
#+###..$....#


You could see a jelly, an adder and an endoplasm.

Vanquished Creatures
  A scorpion (D:4)
  A hound (D:4)
  4 gnolls
  3 adders
  A dart slug (D:1)
  2 orcs (D:3)
  7 bats
  7 endoplasms
  2 giant cockroaches
  6 goblins
  2 hobgoblins (D:1)
  3 kobolds (D:2)
  3 quokkas
  9 ball pythons
  3 frilled lizards
  5 rats
59 creatures vanquished.

Notes
Turn   | Place    | Note
-------+----------+-------------------------------------------
     0 | D:1      | ChrisAssaf the Draconian Venom Mage began the quest for the
                  | Orb.
     0 | D:1      | Reached XP level 1. HP: 14/14 MP: 3/3
   204 | D:1      | Reached XP level 2. HP: 17/20 MP: 0/5
   257 | D:1      | Learned a level 2 spell: Poisonous Vapours
   367 | D:2      | Learned a level 2 spell: Ensorcelled Hibernation
   434 | D:2      | Reached XP level 3. HP: 18/27 MP: 0/6
   678 | D:3      | Reached skill level 1 in Fighting
  1094 | D:3      | Found a faded altar of an unknown god.
  1126 | D:3      | Prayed at the altar of an unknown god.
  1126 | D:3      | Became a worshipper of Gozag Ym Sagoz the Greedy
  1190 | D:3      | Reached XP level 4. HP: 32/35 MP: 2/7
  1636 | D:3      | Found a hazy altar of Hepliaklqana.
  1742 | D:3      | Reached skill level 1 in Short Blades
  1751 | D:3      | Reached skill level 1 in Air Magic
  2720 | D:1      | You fall into a shaft and drop 1 floor!
  2807 | D:4      | Learned a level 3 spell: Mephitic Cloud
  2821 | D:4      | Noticed a scorpion
  2826 | D:4      | Killed a scorpion
  2827 | D:4      | Reached XP level 5. HP: 40/40 MP: 9/9
  2849 | D:4      | Reached skill level 1 in Hexes
  2902 | D:4      | Splashed by a jelly's acid

Illustrated notes

Levels and vault maps discovered:
D:1:      scummos_arrival_star, layout_basic, dreamdust_princess_corridor,
          minivault_14
D:2:      layout_basic, nicolae_figureground_pulse
D:3:      layout_rooms, mainiacjoe_overflow_alcove_2,
          hellmonk_ecumenical_altar_blasted, st_stairs_10, eino_tiny_chamber
D:4:      layout_rooms, kennysheep_little_box

Skill      XL: |  1  2  3  4  5 |
---------------+----------------+-----
Dodging        | 2 |  2.3
Fighting       | 1 |  1.5
Stealth        | 2 |  2.2
Short Blades   | 1 |  1.2
Air Magic      | 1 |  1.3
Hexes          | 1 |  1.0
Throwing       | |  0.5
Unarmed Combat | |  0.7
Spellcasting   | |  2.7
Conjurations   | |  0.4
Transmutations | |  1.8
Ice Magic      | |  0.9
Poison Magic   | |  3.5

Action                   |  1- 3 |  4- 6 || total
-------------------------+-------+-------++-------
Melee: Quick blade       |    78 |    32 ||   110
       Tailslap          |    11 |     4 ||    15
Throw: Dart              |       |     8 ||     8
 Cast: Sting             |    11 |     1 ||    12
       Poisonous Vapours |    24 |    15 ||    39
       Ensorcelled Hiber |       |     2 ||     2
  Use: Scroll            |     4 |     5 ||     9
       Potion            |     2 |     1 ||     3
 Stab: Sleeping          |     1 |     3 ||     4
Armor: Skin              |    38 |    13 ||    51
Dodge: Dodged            |    75 |    40 ||   115
